 Dungeon Crawl Stone Soup version 0.21.1-1-g345015f (webtiles) character file.

390 kae the Insei (level 6, -5/41 HPs)
             Began as an Octopode Transmuter on June 14, 2018.
             Was a Follower of Okawaru.
             Slain by a gnoll
             ... wielding a +0 flail
              (11 damage)
             ... on level 4 of the Dungeon.
             The game lasted 00:03:00 (3944 turns).

kae the Insei (Octopode Transmuter)                 Turns: 3944, Time: 00:03:01

Health: -5/41      AC:  2    Str:  9    XL:     6   Next: 80%
Magic:  3/10       EV: 21    Int: 15    God:    Okawaru [*.....]
Gold:   232        SH:  0    Dex: 20    Spells: 5/11 levels left

rFire    . . .     SeeInvis .     - Unarmed
rCold    . . .     Gourm    .   (shield currently unavailable)
rNeg     . . .     Faith    .   (helmet currently unavailable)
rPois    x         Spirit   .   (no amulet)
rElec    .         Reflect  .   (no ring)
rCorr    .         Harm     .   (no ring)
MR       .....                  (no ring)
Stlth    ++........             (no ring)
HPRegen  0.13/turn              (no ring)
MPRegen  0.12/turn              (no ring)
                                (no ring)
                                (no ring)

@: spider-form, very slightly contaminated
A: tiny, almost no armour, stealthy swim, (amphibious), 8 rings, (constrict 8)
a: End Transformation, Heroism, Renounce Religion


You were on level 4 of the Dungeon.
You worshipped Okawaru.
Okawaru was aware of your devotion.
You were near starving.
You were a venomous arachnid creature.
You visited 1 branch of the dungeon, and saw 4 of its levels.

You collected 232 gold pieces.

Inventory:

Missiles
 a - 49 arrows
Armour
 r - a +2 buckler (melded)
Jewellery
 l - an uncursed ring of protection from cold {unknown}
 m - an uncursed ring of ice {unknown}
Scrolls
 d - 8 scrolls of identify
 e - a scroll of magic mapping {unknown}
 h - a scroll of enchant armour {unknown}
 j - 2 scrolls of blinking {unknown}
 k - a scroll of teleportation {unknown}
 n - a scroll of enchant weapon {unknown}
 p - a scroll of immolation {unknown}
 q - a scroll of remove curse {unknown}
Potions
 f - a potion of brilliance {unknown}
 g - 2 potions of invisibility
 i - a potion of agility {unknown}
 o - a potion of cancellation {unknown}
Books
 b - a book of Changes

   Spells                             Type                      Level
   a - Beastly Appendage              Transmutation                1
   b - Sticks to Snakes               Transmutation                2
   c - Spider Form                    Transmutation/Poison         3
   d - Ice Form                       Ice/Transmutation            4
   e - Blade Hands                    Transmutation                5
Comestibles
 c - 16 rations


   Skills:
 + Level 2.7 Fighting
 + Level 3.2 Dodging
 + Level 0.0 Shields
 * Level 4.9 Unarmed Combat
 + Level 3.0 Spellcasting
 + Level 3.2 Transmutations
 + Level 1.0 Invocations


You had 5 spell levels left.
You knew the following spells:

 Your Spells              Type           Power        Failure   Level  Hunger
a - Beastly Appendage     Tmut           ##....       16%         1    #......
b - Sticks to Snakes      Tmut           ##......     21%         2    ##.....
c - Spider Form           Tmut/Pois      #.........   52%         3    ###....


Dungeon Overview and Level Annotations

Branches:
Dungeon (4/15)             Temple (0/1) D:4

Altars:
Ashenzari
Dithmenos
Gozag
Okawaru
Qazlal
Sif Muna
Trog
Vehumet
The Shining One

Annotations:
D:4 zuik's ghost, amateur DsAK


Innate Abilities, Weirdness & Mutations

You cannot wear most types of armour.
You are very stealthy in the water. (Stealth+)
((You are amphibious.))
You can wear up to eight rings at the same time.
((You can use your tentacles to constrict eight enemies at once.))
((Your skin changes colour to match your surroundings (Stealth+).))
((Your rubbery body absorbs attacks. (AC +1, EV +1)))


Message History

The gnoll hits you with a flail.
* * * LOW HITPOINT WARNING * * *
Your transformation has ended.
Your +2 buckler unmelds from your body.
You flicker for a moment.
You flicker back into view.
Casting: Spider Form
Confirm with . or Enter, or press ? or * to list all spells.
You turn into a venomous arachnid creature.
Your +2 buckler melds into your body.
You are near starving!
The gnoll hits you with a flail!
* * * LOW HITPOINT WARNING * * *
The gnoll shouts!
You hit the gnoll.
The gnoll is moderately wounded.
You hit the gnoll.
The gnoll is poisoned.
The gnoll is severely wounded.
The gnoll hits you with a flail!
You die...

#......###..###########.# #.
......##.##......(......# #.
#....##...##..########### #.
##..##..⌠..'#..### #.
...##..⌠.⌠..##...### #g
.###..⌠._.⌠..###...# #.
...##..⌠.⌠..##...#.##### #.
##..##..⌠..##..###.....# #.
#...##...##....sg...g.#########.
##.#..##.##..#######.............
...##..###..## ##############
........#..## #####...#.##
##....# #...## ##..# ####


You could see 2 gnolls.

Vanquished Creatures
  A hound (D:4)
  3 orc priests
  4 orc wizards
  3 worker ants (D:4)
  A gnoll (D:4)
  An adder (D:3)
  2 worms
  A dart slug (D:1)
  8 orcs
  A giant cockroach (D:4)
  5 goblins
  7 hobgoblins
  3 jackals (D:3)
  6 kobolds
  3 quokkas
  A ball python (D:3)
  3 bats
  5 frilled lizards
  7 rats
65 creatures vanquished.

Vanquished Creatures (others)
  An orc (D:4)
1 creature vanquished.

Grand Total: 66 creatures vanquished

Notes
Turn   | Place    | Note
-------+----------+-------------------------------------------
     0 | D:1      | kae the Octopode Transmuter began the quest for the Orb.
     0 | D:1      | Reached XP level 1. HP: 13/13 MP: 3/3
   110 | D:1      | Reached XP level 2. HP: 10/18 MP: 5/5
   763 | D:2      | Found a radiant altar of Vehumet.
   763 | D:2      | Found a stormy altar of Qazlal.
   794 | D:2      | Found a bloodstained altar of Trog.
   794 | D:2      | Found an iron altar of Okawaru.
   980 | D:2      | Became a worshipper of Warmaster Okawaru
  1034 | D:2      | Reached XP level 3. HP: 23/23 MP: 4/6
  1042 | D:2      | Learned a level 2 spell: Sticks to Snakes
  1046 | D:2      | Learned a level 3 spell: Spider Form
  1165 | D:2      | Found a shadowy altar of Dithmenos.
  1168 | D:2      | Found a deep blue altar of Sif Muna.
  1425 | D:2      | Reached XP level 4. HP: 19/29 MP: 4/7
  1926 | D:3      | Found a shattered altar of Ashenzari.
  2004 | D:3      | Reached skill level 4 in Unarmed Combat
  2189 | D:3      | Reached XP level 5. HP: 34/34 MP: 8/8
  2461 | D:4      | Found a staircase to the Ecumenical Temple.
  2476 | D:4      | Reached XP level 6. HP: 7/41 MP: 7/10
  2817 | D:4      | Found an opulent altar of Gozag.
  2919 | D:4      | Reached * piety under Okawaru
  3542 | D:4      | Reached skill level 1 in Invocations
  3552 | D:4      | Noticed zuik's ghost (amateur DsAK)
  3772 | D:4      | Found a glowing golden altar of the Shining One.
  3944 | D:4      | Slain by a gnoll

Skill      XL: |  1  2  3  4  5  6 |
---------------+-------------------+-----
Fighting       | 2 |  2.7
Unarmed Combat | 4 |  4.9
Dodging        | 3 |  3.2
Transmutations | 3 |  3.2
Spellcasting   | 3 |  3.0
Invocations    | 1 |  1.0

Action                   |  1- 3 |  4- 6 || total
-------------------------+-------+-------++-------
Melee: Unarmed           |    56 |   134 ||   190
       Constrict         |    14 |    16 ||    30
       Kick              |     6 |       ||     6
       Tentacles         |     5 |    10 ||    15
       Punch             |     1 |     2 ||     3
 Cast: Beastly Appendage |    12 |       ||    12
       Spider Form       |     1 |    12 ||    13
  Use: Scroll            |     1 |       ||     1
       Potion            |       |     2 ||     2
 Stab: Sleeping          |     5 |     3 ||     8
  Eat: Chunk             |     1 |     6 ||     7
       Ration            |       |     1 ||     1
Armor: Skin              |     1 |    12 ||    13
Dodge: Dodged            |    26 |   100 ||   126
Block: Buckler           |       |     2 ||     2
